 Dungeon Crawl Stone Soup version 0.31-a0-765-g67fe2935dc (webtiles) character file.

Game seed: 7529649192857230064

282 randomguy2701 the Chopper (level 6, -3/56 HPs)
             Began as a Hill Orc Fighter on Sept 15, 2023.
             Slain by a kobold brigand
             ... wielding a +2 short sword of distortion
              (5 damage)
             ... on level 4 of the Dungeon.
             The game lasted 00:02:52 (2364 turns).

randomguy2701 the Chopper (Hill Orc Fighter)        Turns: 2364, Time: 00:02:53

Health: -3/56      AC: 15    Str: 19    XL:     6   Next: 28%
Magic:  6/6        EV:  8    Int: 14    God:
Gold:   142        SH:  4    Dex: 12    Spells: 5/5 levels left

rFire   . . .        a - +0 war axe
rCold   . . .        c - +0 buckler
rNeg    . . .        o - +3 chain mail
rPois   +            (no helmet)
rElec   .            (no cloak)
rCorr   .            k - +0 pair of gloves of the Growing Gods {rPois}
SInv    .            b - +0 pair of boots
Will    .....        (no amulet) Stlth
                     f - +6 ring of intelligence
HPRegen 0.29/turn    (no ring)
MPRegen 0.10/turn

%: no passive effects
@: no status effects
A: no striking features
a: no special abilities


You were on level 4 of the Dungeon.
You visited 1 branch of the dungeon, and saw 4 of its levels.

You collected 142 gold pieces.

Inventory:

Hand Weapons
 a - a +0 war axe (weapon)
Armour
 b - a +0 pair of boots (worn)
 c - a +0 buckler (worn)
 k - the +0 pair of gloves of the Growing Gods (worn) {rPois}
   (You found it on level 2 of the Dungeon)

   rPois:     It protects you from poison
 o - a +3 chain mail (worn)
Jewellery
 f - a +6 ring of intelligence (left hand)
Scrolls
 e - 2 scrolls of fear {unknown}
 i - a scroll of revelation {unknown}
 j - 2 scrolls of teleportation {unknown}
Potions
 d - a potion of might
 g - 3 potions of curing {unknown}
 h - a potion of mutation {unknown}
 l - a potion of enlightenment {unknown}
 m - 2 potions of haste {unknown}
 n - a potion of brilliance {unknown}


   Skills:
 + Level 5.0 Fighting
 + Level 5.2 Axes
 + Level 4.7 Armour
 + Level 1.1 Dodging
 + Level 0.6 Stealth
 + Level 3.7 Shields


You had 5 spell levels left.
You didn't know any spells.
Your spell library contained the following spells:

 Spells                   Type           Power      Damage    Failure   Level
 Slow                     Hex            0%         N/A       96%         1
 Summon Small Mammal      Summ           0%         N/A       96%         1
 Call Canine Familiar     Summ           0%         N/A       100%        3
 Confusing Touch          Hex            0%         N/A       100%        3
 Sigil of Binding         Hex            0%         N/A       100%        3
 Summon Guardian Golem    Hex/Summ       0%         N/A       100%        3
 Vampiric Draining        Necr           0%         2d6       100%        3


Dungeon Overview and Level Annotations

Branches:
Dungeon (4/15)
 Temple: D:4-7

Altars:

Shops:
D:3 =

Annotations:
D:3 1 runed translucent door, Crazy Yiuf


Message History

Your Fighting skill increases to level 5!
Unknown command.
You slash the orc!
You kill the orc!
You barely miss the endoplasm. The endoplasm freezes you.
You are frozen.
* * * LOW HITPOINT WARNING * * *
Unknown command.
You slash the kobold brigand!
The kobold brigand is severely wounded.
You hit the endoplasm.
The kobold brigand hits you but does no damage.
You blink.
Unknown command.
You hit the endoplasm but do no damage.
The endoplasm is moderately wounded.
The endoplasm hits you.
* * * LOW HITPOINT WARNING * * *
The endoplasm hits you.
* * * LOW HITPOINT WARNING * * *
The kobold brigand hits you with a +2 short sword of distortion.
* * * LOW HITPOINT WARNING * * *
Space warps around you.
* * * LOW HITPOINT WARNING * * *
You miss the kobold brigand.
The kobold brigand is severely wounded.
You slash the endoplasm!
You kill the endoplasm!
The kobold brigand hits you with a +2 short sword of distortion.
* * * LOW HITPOINT WARNING * * *
Unknown command.
You closely miss the kobold brigand.
The kobold brigand is severely wounded.
The kobold brigand barely misses you.
You hit the kobold brigand.
The kobold brigand is almost dead.
The kobold brigand barely misses you.
The kobold brigand hits you with a +2 short sword of distortion.
You die...

#.# #.# #.# >.#
#.# #####.# #
##.)K).###...#
#..@).....#
#..######.# #..#
.#####..#######.
................
######.)#######.
#..# #..# #..#


You could see a kobold brigand.

Vanquished Creatures
  A phantom (D:4)
  A howler monkey (D:4)
  A hound (D:3)
  An orc wizard (D:4)
  3 adders
  A worm (D:2)
  A dart slug (D:2)
  9 orcs (D:4)
  10 ball pythons
  5 endoplasms
  A giant cockroach (D:4)
  9 goblins
  3 hobgoblins
  A jackal (D:2)
  9 kobolds
  3 quokkas
  5 bats
  6 frilled lizards
  4 rats
74 creatures vanquished.

Notes
Turn   | Place    | Note
-------+----------+-------------------------------------------
     0 | D:1      | randomguy2701 the Hill Orc Fighter began the quest for the
                  | Orb.
     0 | D:1      | Reached XP level 1. HP: 19/19 MP: 1/1
    85 | D:1      | Reached XP level 2. HP: 25/27 MP: 2/2
   586 | D:2      | Reached XP level 3. HP: 25/33 MP: 3/3
   862 | D:2      | Identified the +0 pair of gloves of the Growing Gods
                  | {rPois}
  1141 | D:3      | Reached XP level 4. HP: 33/41 MP: 4/4
  1336 | D:3      | Found a runed translucent door.
  1337 | D:3      | Noticed Crazy Yiuf
  1712 | D:3      | Found Ruthaar's Jewellery Emporium.
  1920 | D:4      | Reached XP level 5. HP: 21/47 MP: 5/5
  2272 | D:4      | Reached skill level 1 in Dodging
  2304 | D:4      | Noticed a phantom
  2313 | D:4      | Killed a phantom
  2314 | D:4      | Reached skill level 5 in Axes
  2314 | D:4      | Reached XP level 6. HP: 51/55 MP: 6/6
  2359 | D:4      | Reached skill level 5 in Fighting
  2362 | D:4      | HP: 1/56 [kobold brigand/+2 short sword of distortion (2)]
  2364 | D:4      | Slain by a kobold brigand

Illustrated notes

Levels and vault maps discovered:
D:1:      shiori_shiawase, layout_rooms, serial_curves, eino_curves_01,
          eino_curves_04, eino_curves_01, eino_curves_02
D:2:      layout_basic, minmay_between
D:3:      layout_basic, serial_shops, shop, uniq_crazy_yiuf_cottage
D:4:      nicolae_cairo_tiling, layout_loops_ring, grunt_ministairs_15

Skill      XL: |  1  2  3  4  5  6 |
---------------+-------------------+-----
Axes           | 3 4 5 |  5.2
Fighting       | 4 5 |  5.0
Armour         | 4 |  4.7
Dodging        | 1 |  1.1
Stealth        | |  0.6
Shields        | |  3.7

Action                     |  1- 3 |  4- 6 || total
---------------------------+-------+-------++-------
  Melee: War axe           |    90 |    91 ||   181
 Armour: Scale mail        |    78 |    28 ||   106
         Chain mail        |       |    38 ||    38
         Skin              |       |     5 ||     5
  Dodge: Dodged            |    33 |    44 ||    77
  Block: Buckler           |    18 |    19 ||    37

Table legend: (Time is in decaauts)
 A = Elapsed time spent in this place.
 B = Non-inter-level travel time spent in this place.
 C = Inter-level travel time spent in this place.
 D = Time resting spent in this place.
 E = Time spent auto-exploring this place.
 F = Levels seen in this place.
 G = Mean time per level.
                   A        B        C        D        E       F      G
               +--------+--------+--------+--------+--------+-----+--------+
         Total |   2425 |   2202 |    223 |      0 |   1751 |   4 |  606.2 |
       Dungeon |   2425 |   2202 |    223 |      0 |   1751 |   4 |  606.2 |
               +--------+--------+--------+--------+--------+-----+--------+

Top non-repeatable levels by time:
     D:3: 906 daAuts
     D:1: 593 daAuts
     D:2: 550 daAuts
     D:4: 375 daAuts
